 Dungeon Crawl Stone Soup version 0.21.1-1-g345015fe64 (webtiles) character file.

34183 plutoniumapex the Warrior (level 13, -7/126 HPs)
             Began as a Minotaur Berserker on June 11, 2018.
             Was a High Priest of Trog.
             Killed from afar by a deep elf mage (31 damage)
             ... with a bolt of lightning
             ... on level 1 of the Elven Halls.
             The game lasted 01:27:48 (13283 turns).

plutoniumapex the Warrior (Minotaur Berserker)     Turns: 13283, Time: 01:27:49

Health: -7/126     AC: 19    Str: 26    XL:     13   Next: 40%
Magic:  22/22      EV: 16    Int:  9    God:    Trog [*****.]
Gold:   845        SH:  6    Dex: 17    Spells: 12/12 levels left

rFire    . . .     SeeInvis .   f - +5 flail "Nibuq" {crush, rPois rN+}
rCold    + . .     Gourm    .   b - +2 buckler
rNeg     + . .     Faith    .   H - +5 ring mail of the Bull {rPois Dex+6}
rPois    +         Spirit   .   V - +3 hat of Pondering {ponderous, MR+ MP+10 Int+5}
rElec    .         Reflect  .   v - +1 cloak
rCorr    .         Harm     .   D - +0 pair of gloves
MR       +....                  (no boots)
Stlth    ++........             N - amulet of magic regeneration
HPRegen  0.31/turn              A - ring of poison resistance
MPRegen  0.43/turn              r - ring of protection from cold

@: berserk cooldown, slowed, studying Armour, very slow
A: retaliatory headbutt, horns 2
a: Berserk, Trog's Hand, Brothers in Arms, Burn Spellbooks, Renounce Religion


You were on level 1 of the Elven Halls.
You worshipped Trog.
Trog was extremely pleased with you.
You were very hungry.

You visited 3 branches of the dungeon, and saw 14 of its levels.
You also visited: Ice Cave.

You collected 2470 gold pieces.
You spent 1625 gold pieces at shops.

Inventory:

Hand Weapons
 a - the +10 mace of the Undead {flame, +Inv}
   (You found it on level 6 of the Dungeon)

   It has been specially enchanted to burn those struck by it, causing extra
   injury to most foes and up to half again as much damage against particularly
   susceptible opponents.
   It lets you turn invisible.
 f - the +5 flail "Nibuq" (weapon) {crush, rPois rN+}
   (Trog gifted it to you on level 1 of the Orcish Mines)

   It inflicts extra damage upon your enemies.
   It protects you from poison.
   It protects you from negative energy.
 m - a +2 great sword of holy wrath
 G - a +4 antimagic battleaxe
Missiles
 o - 7 steel tomahawks
 J - 22 tomahawks (quivered)
Armour
 b - a +2 buckler (worn)
 v - a +1 cloak (worn)
 D - a +0 pair of gloves (worn)
 H - the +5 ring mail of the Bull (worn) {rPois Dex+6}
   (You found it on level 7 of the Dungeon)

   It affects your dexterity (+6).
   It protects you from poison.
 V - the +3 hat of Pondering (worn) {ponderous, MR+ MP+10 Int+5}
   (You took it off Gastronok on level 9 of the Dungeon)

   It affects your intelligence (+5).
   It affects your resistance to hostile enchantments.
   It affects your magic capacity (+10).
Jewellery
 r - a ring of protection from cold (right hand)
 A - a ring of poison resistance (left hand)
 N - an amulet of magic regeneration (around neck)
Wands
 i - a wand of scattershot (3)
 z - a wand of paralysis (31)
 O - a wand of random effects (112)
 Q - a wand of disintegration (15)
 R - a wand of digging (10)
 S - a wand of enslavement (10)
 X - a wand of acid (5)
Scrolls
 d - a scroll of fear
 e - 6 scrolls of remove curse
 g - 6 scrolls of teleportation
 s - a scroll of noise
 w - 4 scrolls of magic mapping
 y - a scroll of silence {unknown}
 E - a scroll of amnesia
 I - a scroll of enchant armour
 Z - a scroll of enchant weapon
Potions
 h - a potion of haste {unknown}
 j - a potion of ambrosia {unknown}
 k - 2 potions of mutation {unknown}
 l - 2 potions of degeneration
 p - a potion of berserk rage {unknown}
 q - 4 potions of curing {unknown}
 t - 4 potions of brilliance
 u - 2 potions of agility {unknown}
 B - a potion of invisibility {unknown}
 C - 4 potions of flight {unknown}
 L - a potion of lignification
 M - 8 potions of magic {unknown}
Books
 x - a manual of Armour
Miscellaneous
 n - a lamp of fire
Comestibles
 c - 22 rations


   Skills:
 * Level 15.1 Fighting
 + Level 9.7(13.4) Axes
 + Level 14.5(15.5) Maces & Flails
   Level 3.3(7.0) Polearms
 + Level 3.0 Throwing
 + Level 11.5 Armour
 + Level 7.8 Dodging
 + Level 2.1 Stealth
 - Level 1.0 Evocations


You had 12 spell levels left.
You didn't know any spells.

Dungeon Overview and Level Annotations

Branches:
Dungeon (11/15)            Temple (0/1) D:4            Lair (0/6) D:8
    Orc (2/2) D:11            Elf (1/3) Orc:2

Altars:
Dithmenos
Fedhas
Gozag
Okawaru
Ru
Sif Muna
Xom
Yredelemnul
The Shining One
Beogh

Shops:
D:7 :   D:11 *   Orc:2 [*:(


Innate Abilities, Weirdness & Mutations

You reflexively headbutt those who attack you in melee.
You have a pair of horns on your head.


Message History

The deep elf mage hits your two-headed ogre with a rapier.
You see here a club.
You bludgeon the deep elf mage!! You headbutt the deep elf mage.
The deep elf mage is almost dead.
Your two-headed ogre completely misses the deep elf mage.
Your two-headed ogre closely misses the deep elf mage.
The deep elf mage mumbles some strange words.
The deep elf mage blinks!
The deep elf mage hits your two-headed ogre with a rapier!
Your two-headed ogre hits the deep elf mage with a giant club!!
The deep elf mage dies!
Trog accepts your kill.
Trog appreciates your killing of a magic user.
You feel a strong urge to attack something.
You are no longer berserk.
You are exhausted.
You feel yourself slow down. The deep elf mage casts a spell at you.
The bolt of lightning hits you!
You die...

#.# ########....^.#
..#
#########.#.##.#
##.
)........#.##.### .
ยง.
#.......#..[))(#
.Y.#.......##)))()#
.......e...##)###)#
#...........##.#
#.##)'#''#''##.#
#8..@..)..8#.#
#8).......8###
##..#..#..##
#8........8#
#8........8#
##..#..#..##
#8.....(..8#
#8........8#
#####(.#####


You could see a deep elf mage.

Vanquished Creatures
  Gastronok (D:9)
  An orc warlord (Orc:2)
  2 deep elf demonologists (Elf:1)
  Snorg (D:11)
  An ice dragon (Orc:1)
  The ghost of enkamrat the Grappler, a novice TrMo of Wu Jian (D:8)
  A two-headed ogre (D:11)
  A dancing weapon (Elf:1)
  4 orc high priests (Orc:2)
  5 orc knights
  6 deep elf magi (Elf:1)
  An orc sorcerer (Orc:2)
  A rime drake (Orc:1)
  6 trolls
  2 polar bears (Orc:1)
  3 hornets
  A snapping turtle (shapeshifter) (Elf:1)
  Grinder (D:6)
  A hippogriff (D:10)
  A fire elemental (Elf:1)
  18 yaks
  2 wyverns
  A wraith (D:11)
  A hungry ghost (D:11)
  Eustachio (D:6)
  3 wargs (Orc:2)
  3 porcupines (D:8)
  A water moccasin (D:10)
  2 ice beasts
  27 orc warriors
  7 sky beasts
  A necrophage (D:9)
  An eye of draining (D:10)
  10 ogres
  3 phantoms
  2 wolves (Orc:1)
  2 centaurs
  A crocodile (D:11)
  2 big kobolds
  11 bullfrogs
  3 scorpions
  A water moccasin skeleton (D:10)
  4 killer bees (D:9)
  A howler monkey (D:6)
  5 crimson imps
  4 hounds
  3 jellies
  25 orc wizards
  2 centaur skeletons
  19 orc priests
  Jessica (D:10)
  A bullfrog skeleton (D:9)
  7 iguanas
  3 worker ants
  A killer bee zombie (D:7)
  A howler monkey zombie (D:6)
  2 worker ant zombies
  7 adders
  3 gnolls (D:9)
  A shadow imp (D:5)
  An adder zombie (D:5)
  2 worms (D:3)
  6 leopard geckos
  63 orcs
  4 giant cockroaches
  7 goblins
  2 hobgoblins
  14 jackals
  20 kobolds
  2 quokkas
  2 ball pythons
  10 bats
  3 frilled lizards
  A jackal zombie (D:5)
  5 rats
  4 fungi
  A plant (D:8)
381 creatures vanquished.

Vanquished Creatures (collateral kills)
  A deep elf demonologist (Elf:1)
  2 dancing weapons (Elf:1)
  4 deep elf knights (Elf:1)
  2 deep elf archers (Elf:1)
  2 deep elf magi (Elf:1)
  An orc priest (Elf:1)
  An orc wizard (Elf:1)
  2 orcs (Elf:1)
15 creatures vanquished.

Vanquished Creatures (others)
  23 fungi
  A plant (D:8)
24 creatures vanquished.

Grand Total: 420 creatures vanquished

Notes
Turn   | Place    | Note
-------+----------+-------------------------------------------
     0 | D:1      | plutoniumapex the Minotaur Berserker began the quest for the Orb.
     0 | D:1      | Reached XP level 1. HP: 19/19 MP: 0/0
   254 | D:1      | Reached XP level 2. HP: 26/27 MP: 1/1
   564 | D:1      | Found an iron altar of Okawaru.
   669 | D:2      | Noticed a crimson imp
   682 | D:2      | Killed a crimson imp
   682 | D:2      | Reached skill level 4 in Fighting
   682 | D:2      | Reached XP level 3. HP: 32/34 MP: 2/2
   878 | D:2      | Reached XP level 4. HP: 41/41 MP: 3/3
   999 | D:2      | Reached ** piety under Trog
  1381 | D:3      | Reached skill level 5 in Axes
  1518 | D:3      | Found a sacrificial altar of Ru.
  1624 | D:3      | Reached XP level 5. HP: 15/47 MP: 4/4
  2237 | D:4      | Noticed a phantom
  2254 | D:4      | Killed a phantom
  2254 | D:4      | Reached skill level 1 in Throwing
  2285 | D:4      | Reached XP level 6. HP: 38/55 MP: 5/5
  2324 | D:4      | Found a shimmering altar of Xom.
  2417 | D:4      | Found a staircase to the Ecumenical Temple.
  2845 | D:4      | Reached *** piety under Trog
  3081 | D:5      | Entered Level 5 of the Dungeon
  3116 | D:5      | Reached skill level 5 in Fighting
  3122 | D:5      | Reached XP level 7. HP: 61/61 MP: 6/6
  3219 | D:5      | Found a sacrificial altar of Ru.
  3398 | D:5      | Reached skill level 5 in Armour
  3683 | D:5      | Found a blossoming altar of Fedhas.
  3889 | D:6      | Got a shimmering mace
  3891 | D:6      | Identified the +10 mace of the Undead {flame, +Inv} (You found it on level 6 of the Dungeon)
  3996 | D:6      | Found a basalt altar of Yredelemnul.
  3996 | D:6      | Found an opulent altar of Gozag.
  3996 | D:6      | Found a shadowy altar of Dithmenos.
  3996 | D:6      | Found a glowing golden altar of the Shining One.
  4126 | D:6      | Noticed Eustachio
  4133 | D:6      | Killed Eustachio
  4145 | D:6      | Reached XP level 8. HP: 68/69 MP: 7/7
  4152 | D:6      | Reached skill level 1 in Maces & Flails
  4277 | D:6      | Noticed Grinder
  4288 | D:6      | Killed Grinder
  4603 | D:7      | Reached skill level 6 in Fighting
  4720 | D:7      | Reached skill level 1 in Evocations
  4873 | D:7      | Reached **** piety under Trog
  4881 | D:7      | Reached XP level 9. HP: 73/78 MP: 8/8
  4906 | D:7      | Got a distressingly furry ring mail
  4907 | D:7      | Identified the +5 ring mail of the Bull {rPois Dex+6} (You found it on level 7 of the Dungeon)
  5016 | D:7      | Found Jifeneiff's Book Shop.
  5517 | D:8      | Reached skill level 7 in Fighting
  5521 | D:8      | Reached skill level 5 in Maces & Flails
  5537 | D:8      | Found a staircase to the Lair.
  5847 | D:8      | Noticed enkamrat's ghost (novice TrMo)
  5853 | D:8      | Killed enkamrat's ghost
  5853 | D:8      | Reached skill level 8 in Fighting
  5853 | D:8      | Reached XP level 10. HP: 88/88 MP: 9/9
  6287 | D:9      | Reached skill level 9 in Fighting
  6371 | D:9      | Reached ***** piety under Trog
  6981 | D:9      | Noticed Gastronok
  7001 | D:9      | Killed Gastronok
  7001 | D:9      | Reached skill level 10 in Fighting
  7019 | D:9      | Reached skill level 10 in Maces & Flails
  7019 | D:9      | Reached skill level 1 in Stealth
  7028 | D:9      | HP: 2/93 [yak (13)]
  7041 | D:9      | HP: 1/93 [yak (14)]
  7530 | D:10     | Entered Level 10 of the Dungeon
  7670 | D:10     | Reached XP level 11. HP: 101/101 MP: 10/10
  8061 | D:10     | Reached skill level 5 in Dodging
  8228 | D:10     | Noticed Jessica
  8232 | D:10     | Killed Jessica
  8243 | D:10     | Found a deep blue altar of Sif Muna.
  8976 | D:11     | Noticed Snorg
  8982 | D:11     | Killed Snorg
  8982 | D:11     | Reached skill level 11 in Fighting
  9111 | D:11     | Noticed a two-headed ogre
  9117 | D:11     | Killed a two-headed ogre
  9181 | D:11     | Found a staircase to the Orcish Mines.
  9432 | D:11     | Reached skill level 12 in Fighting
  9481 | D:11     | Found Upluewed's General Store.
  9758 | Orc:1    | Entered Level 1 of the Orcish Mines
  9792 | Orc:1    | Reached skill level 10 in Armour
  9877 | Orc:1    | Reached ****** piety under Trog
  9884 | Orc:1    | Found a roughly hewn altar of Beogh.
  9897 | Orc:1    | Noticed an orc knight
  9925 | Orc:1    | Killed an orc knight
  9940 | Orc:1    | Received a gift from Trog
  9944 | Orc:1    | Got a faintly glowing flail {god gift}
 10110 | Orc:1    | Identified the +5 flail "Nibuq" {crush, rPois rN+} (Trog gifted it to you on level 1 of the Orcish Mines)
 10220 | Orc:1    | Reached XP level 12. HP: 98/113 MP: 11/11
 10300 | Orc:1    | Found a frozen archway.
 10301 | Orc:1    | Noticed an ice dragon
 10332 | Orc:1    | Killed an ice dragon
 10357 | IceCv    | Entered an ice cave
 10702 | Orc:2    | Entered Level 2 of the Orcish Mines
 10702 | Orc:2    | Found Kiuf's Antique Weapon Shoppe.
 10727 | Orc:2    | Reached skill level 13 in Fighting
 10991 | Orc:2    | Found a staircase to the Elven Halls.
 11014 | Orc:2    | Noticed an orc high priest
 11024 | Orc:2    | Killed an orc high priest
 11215 | Orc:2    | Noticed an orc high priest
 11235 | Orc:2    | Killed an orc high priest
 11251 | Orc:2    | Noticed an orc high priest
 11267 | Orc:2    | Killed an orc high priest
 11272 | Orc:2    | Found Uphiul's Book Shop.
 11447 | Orc:2    | Noticed an orc warlord
 11463 | Orc:2    | Killed an orc warlord
 11481 | Orc:2    | Bought a manual of Armour for 1545 gold pieces
 11730 | Orc:2    | Noticed an orc high priest
 11743 | Orc:2    | Killed an orc high priest
 11743 | Orc:2    | Reached skill level 14 in Fighting
 12043 | Orc:2    | Found Lish's General Store.
 12143 | Orc:2    | Bought a potion of heal wounds for 80 gold pieces
 12318 | Orc:2    | Found Ylufoh's Antique Armour Boutique.
 12461 | Orc:2    | Received a gift from Trog
 12651 | Elf:1    | Entered Level 1 of the Elven Halls
 12733 | Elf:1    | Reached XP level 13. HP: 124/124 MP: 12/12
 12744 | Elf:1    | Noticed a deep elf demonologist
 12750 | Elf:1    | Noticed a deep elf demonologist
 12765 | Elf:1    | Killed a deep elf demonologist
 12771 | Elf:1    | Noticed a deep elf demonologist
 12772 | Elf:1    | Noticed an Ice Fiend
 12772 | Elf:1    | Killed a deep elf demonologist
 12788 | Elf:1    | Killed a deep elf demonologist
 12805 | Elf:1    | HP: 5/125 [deep elf mage/shard of ice (14)]
 12807 | Elf:1    | Reached skill level 15 in Fighting
 12811 | Elf:1    | HP: 4/126 [deep elf archer/arrow (17)]
 13223 | Elf:1    | Noticed a fire dragon
 13224 | Elf:1    | Noticed a fire dragon
 13283 | Elf:1    | Killed from afar by a deep elf mage

Skill      XL: |  1  2  3  4  5  6  7  8  9 10 11 12 13 |
---------------+----------------------------------------+-----
Axes           | 4 5 6 7 8 9 |  9.7
Fighting       | 4 5 6 8 10 12 14 15 | 15.1
Dodging        | 3 4 6 7 |  7.8
Throwing       | 1 2 3 |  3.0
Armour         | 3 4 5 7 9 10 11 | 11.5
Maces & Flails | 3 7 10 12 13 14 | 14.5
Evocations     | 1 |  1.0
Polearms       | 3 |  3.3
Stealth        | 1 2 |  2.1

Action                   |  1- 3 |  4- 6 |  7- 9 | 10-12 | 13-15 || total
-------------------------+-------+-------+-------+-------+-------++-------
Melee: Hand axe          |    49 |       |       |       |       ||    49
       Headbutt          |     3 |    15 |    32 |   131 |    16 ||   197
       War axe           |    10 |   139 |    36 |       |       ||   185
       Mace              |       |       |   107 |   303 |       ||   410
       Flail             |       |       |       |   231 |    44 ||   275
Throw: Stone             |       |    24 |       |    10 |       ||    34
       Tomahawk          |       |       |       |     4 |       ||     4
Invok: Berserk           |       |     2 |     5 |    18 |     3 ||    28
       Trog's Hand       |       |       |       |     1 |     1 ||     2
       Brothers in Arms  |       |       |       |       |     5 ||     5
 Abil: Evoke Invisibilit |       |       |     1 |       |       ||     1
  Use: Scroll            |     1 |     3 |     4 |    17 |       ||    25
       Potion            |     1 |       |       |     2 |     3 ||     6
 Stab: Sleeping          |     1 |       |       |       |       ||     1
       Distracted        |       |       |       |       |     1 ||     1
  Eat: Chunk             |       |     8 |    10 |    18 |       ||    36
       Ration            |       |       |     1 |     8 |     1 ||    10
Armor: Animal skin       |    12 |       |       |       |       ||    12
       Chain mail        |       |    72 |    49 |       |       ||   121
       Leather armour    |       |     6 |       |       |       ||     6
       Ring mail         |       |       |    24 |   181 |    12 ||   217
Dodge: Dodged            |    56 |    70 |    78 |   366 |    23 ||   593
Block: Buckler           |       |       |       |       |     1 ||     1
